 Dungeon Crawl Stone Soup version 0.30-a0-989-g0d87f670db (webtiles) character file.

Game seed: 4245260179755698141

2 CowFu the Insei (level 1, -4/16 HPs)
             Began as an Octopode Monk on Apr 3, 2023.
             Slain by a goblin
             ... wielding a +0 club
              (5 damage)
             ... on level 1 of the Dungeon.
             The game lasted 00:00:30 (16 turns).

CowFu the Insei (Octopode Monk)                       Turns: 16, Time: 00:00:31

Health: -4/16      AC:  1    Str: 10    XL:     1   Next: 40%
Magic:  1/1        EV: 14    Int: 12    God:
Gold:   0          SH:  0    Dex: 14    Spells: 0/0 levels left

rFire   . . .      SeeInvis .      - Unarmed
rCold   . . .      Faith    .    (no shield)
rNeg    . . .      Spirit   .    (helmet restricted)
rPois   .          Reflect  .    (no amulet)
rElec   .          Rampage  .    (no ring)
rCorr   .                        (no ring)
Will    .....                    (no ring)
Stlth   ++                       (no ring)
HPRegen 0.22/turn                (no ring)
MPRegen 0.07/turn                (no ring)
                                 (no ring)
                                 (no ring)

@: confused, ambrosia-drunk
A: almost no armour, amphibious, 8 rings, camouflage 1, gelatinous body 1,
(nimble swimmer 1), tentacles
a: no special abilities


You were on level 1 of the Dungeon.
You visited 1 branch of the dungeon, and saw 1 of its levels.

You aren't carrying anything.


   Skills:
 + Level 3.0 Fighting
 + Level 3.0 Dodging
 + Level 2.8 Stealth
 * Level 3.0 Unarmed Combat


You couldn't memorise any spells.
You didn't know any spells.
Your spell library was empty.

Dungeon Overview and Level Annotations

Branches:
Dungeon (1/15)

Altars:


Innate Abilities, Weirdness & Mutations

You cannot wear most types of armour.
You are amphibious.
You can wear up to eight rings at the same time.
Your skin changes colour to match your surroundings (Stealth+).
Your rubbery body absorbs attacks. (AC +1, EV +1)
((You are camouflaged when in or above water. (Stealth+)))
You have tentacles for arms and can constrict up to eight enemies at once.


Message History

You barely miss the goblin. You grab the goblin. You squeeze the goblin.
You kill the goblin!
There are monsters nearby!
You barely miss the ball python. You grab the ball python.
You constrict the ball python. The ball python barely misses you.
The ball python grabs you. The ball python constricts you.
A goblin comes into view. It is wielding a +0 dagger.
There are monsters nearby!
The goblin shouts!
You tentacle-slap the ball python. Your squeeze misses the ball python.
The ball python is heavily wounded.
You constrict the ball python. The ball python misses you.
The ball python constricts you. The ball python bites you.
The ball python constricts you.
You tentacle-slap the ball python.
You kill the ball python!
The ball python closely misses you. The ball python barely misses you.
You closely miss the goblin. Your grab misses the goblin.
Your squeeze misses the goblin. The goblin hits you with a +0 club.
The ball python barely misses you. The ball python misses you.
You are too injured to fight recklessly!
The ball python bites you. The ball python closely misses you.
The ball python attacks as you move away!
The ball python bites you.
* * * LOW HITPOINT WARNING * * *
The goblin attacks as you move away! The goblin hits you with a +0 club.
* * * LOW HITPOINT WARNING * * *
There is an open door here.
Okay, then.
You are confused.
You feel invigorated. The ball python barely misses you. x2
The goblin hits you with a +0 club.
* * * LOW HITPOINT WARNING * * *
The ball python bites you.
* * * LOW HITPOINT WARNING * * *
The ball python grabs you. The ball python constricts you.
* * * LOW HITPOINT WARNING * * *
You escape the ball python's grasp.
The goblin attacks as you move away! The goblin hits you with a +0 club.
You die...

.~≈≈≈≈≈≈≈≈≈
...~≈≈≈≈≈≈≈≈≈≈
..~~~≈≈≈≈≈≈≈≈
...~~~~~≈≈≈≈
....~~~~≈~≈#####
.......~~~##[..##
~.........#.....#
~~....g†.S@..<>.#
≈~....~~~g#.(...#
~~?..~~~~~##...##
~....~~≈≈~~#####
~...~~≈≈≈≈≈≈≈
##+##~~~≈≈≈≈≈≈≈
##≈≈≈≈≈≈≈≈≈≈
#≈≈≈≈≈≈≈≈≈≈
#≈≈≈≈≈≈≈≈≈≈


You could see 2 goblins and a ball python.

Vanquished Creatures
  A ball python (D:1)
  A goblin (D:1)
2 creatures vanquished.

Notes
Turn   | Place    | Note
-------+----------+-------------------------------------------
     0 | D:1      | CowFu the Octopode Monk began the quest for the Orb.
     0 | D:1      | Reached XP level 1. HP: 16/16 MP: 1/1
    16 | D:1      | Slain by a goblin

Illustrated notes

Levels and vault maps discovered:
D:1:      minmay_arrival_shoal_huts, layout_rooms, minmay_statues_item,
          minmay_cut_off

Action                     || total
---------------------------++-------
  Melee: Unarmed           ||     5
         Constrict         ||     2
         Tentacles         ||     1
    Use: Potion            ||     1
  Dodge: Dodged            ||     9

Table legend: (Time is in decaauts)
 A = Elapsed time spent in this place.
 B = Non-inter-level travel time spent in this place.
 C = Inter-level travel time spent in this place.
 D = Time resting spent in this place.
 E = Time spent auto-exploring this place.
 F = Levels seen in this place.
 G = Mean time per level.
                   A        B        C        D        E       F      G
               +--------+--------+--------+--------+--------+-----+--------+
         Total |     15 |     15 |      0 |      0 |      2 |   1 |   15.0 |
       Dungeon |     15 |     15 |      0 |      0 |      2 |   1 |   15.0 |
               +--------+--------+--------+--------+--------+-----+--------+

Top non-repeatable levels by time:
     D:1: 15 daAuts
